Map: Néo-Gettysburg EC

Players

zidar - Winner!

  • Race: Zerg Zerg
  • League: Platinum
  • Spawn Location: 7:00

SaintTrigger

  • Race: Protoss Protoss
  • League: Gold
  • Spawn Location: 5:00

VOD

Have the link to the VOD?

Description

Time

  • Played on: Oct. 14, 2016, 2:36 p.m.
  • Length: 10:37
Show
View Real Time Build Order
Export as new Build Order

zidar Zerg - Winner!

Build Orders: Hatch First 

Get SALT Encoding   

  12  0:01  Drone  
  13  0:15  Overlord  
  13  0:19  Drone  
  14  0:33  Drone x2  
  16  0:54  Hatchery, Drone  
  16  0:59  Extractor  
  16  1:00  Drone  
  16  1:20  Spawning Pool  
  16  1:21  Drone  
  16  1:26  Drone  
  17  1:38  Drone  
  17  1:39  Drone  
  19  2:06  Queen  
  19  2:07  Queen  
  23  2:10  Zergling x6  
  26  2:17  Metabolic Boost  
  26  2:21  Drone  
  27  2:23  Drone  
  28  2:38  Overlord  
  28  2:42  Overlord  
  28  2:58  Zergling x2  
  28  2:59  Zergling x8  
  33  3:07  Zergling x2  
  34  3:43  Zergling x2  
  34  3:44  Zergling x14  
  34  4:18  Zergling x12  
  34  4:19  Zergling x2  
  40  4:28  Zergling x2  
  28  5:09  Zergling x12  
  32  5:21  Queen  
  33  5:41  Zergling x2  
  33  5:42  Zergling x6  
  27  6:12  Zergling x18  
  35  6:28  Roach Warren  
  34  6:35  Zergling x6  
  37  7:00  Hatchery  
  26  7:39  Zergling x12  
  26  7:40  Zergling x22  
  41  8:09  Roach  
  41  8:11  Overlord  
  41  8:12  Overlord x2  
  43  8:14  Drone x6  
  41  8:57  Roach x4  
  41  8:58  Roach x6  
  50  9:39  Zergling x2  
  50  9:40  Zergling x22  
  59  9:54  Drone x3  
  62  10:10  Drone x4  
Show
View Real Time Build Order
Export as new Build Order

SaintTrigger Protoss 

Build Orders:  

Get SALT Encoding   

  12  0:01  Probe (Chrono Boost)  
  13  0:11  Probe (Chrono Boost)  
  14  0:19  Pylon  
  14  0:22  Probe (Chrono Boost)  
  15  0:37  Probe (Chrono Boost)  
  15  0:39  Gateway  
  16  0:48  Probe (Chrono Boost)  
  17  0:58  Probe (Chrono Boost)  
  18  1:09  Probe (Chrono Boost)  
  18  1:10  Assimilator  
  19  1:12  Gateway  
  19  1:20  Probe (Chrono Boost)  
  20  1:28  Cybernetics Core  
  20  1:30  Probe (Chrono Boost)  
  21  1:41  Probe (Chrono Boost)  
  22  1:55  Nexus  
  22  1:57  Probe (Chrono Boost)  
  23  2:04  Pylon  
  23  2:11  Warp Gate (Chrono Boost)  
  23  2:16  Pylon  
  23  2:20  Pylon  
  23  2:24  Assimilator  
  23  2:27  Probe (Chrono Boost)  
  24  2:38  Mothership Core (Chrono Boost)  
  26  2:56  Probe (Chrono Boost)  
  27  3:05  Probe  
  27  3:07  Probe  
  27  3:09  Adept x2  
  33  3:15  Probe, Pylon  
  33  3:19  Assimilator  
  34  3:20  Probe  
  34  3:22  Assimilator  
  34  3:26  Probe  
  35  3:32  Probe  
  35  3:33  Twilight Council  
  28  4:04  Probe  
  28  4:06  Probe  
  29  4:15  Probe  
  27  4:18  Probe  
  28  4:25  Probe  
  28  4:30  Probe  
  30  4:37  Adept x2  
  32  4:45  Probe  
  32  4:47  Probe  
  29  4:56  Probe  
  29  4:59  Probe  
  30  5:02  Adept x2  
  30  5:06  Adept x2  
  33  5:09  Probe  
  33  5:11  Probe  
  31  5:20  Probe  
  29  5:23  Probe  
  31  5:30  Probe  
  30  5:35  Probe  
  30  5:37  Adept x2  
  35  5:43  Probe  
  35  5:47  Probe  
  37  5:50  Pylon  
  37  5:54  Probe  
  38  5:58  Adept  
  38  5:59  Adept  
  38  6:00  Probe  
  34  6:07  Probe  
  33  6:12  Probe  
  34  6:29  Pylon  
  34  6:34  Probe  
  34  6:38  Probe  
  36  6:44  Adept  
  36  6:45  Adept  
  36  6:46  Probe  
  41  6:48  Probe  
  42  6:58  Probe  
  35  7:09  Adept x2  
  38  7:23  Pylon  
  38  7:26  Probe  
  38  7:27  Probe  
  37  7:39  Probe  
  37  7:41  Adept x2  
  40  7:50  Gateway  
  39  7:52  Gateway  
  39  7:54  Pylon  
  39  7:57  Probe, Pylon  
  40  7:58  Probe  
  40  8:05  Gateway  
  41  8:06  Gateway  
  41  8:07  Probe  
  41  8:10  Probe  
  43  8:16  Adept  
  43  8:18  Probe  
  45  8:22  Probe  
  46  8:28  Probe  
  40  8:43  Adept  
  40  8:44  Adept  
  28  9:08  Adept  
  28  9:09  Adept  
  26  9:34  Pylon  
  26  9:36  Pylon  
  26  9:39  Pylon  
  26  9:42  Pylon  
  26  9:44  Probe x2  
  26  9:55  Probe x2  
  26  9:59  Pylon  
  28  10:05  Probe x2, Cybernetics Core  
  28  10:07  Pylon  
  30  10:16  Probe x2  
  32  10:30  Zealot x2  
  32  10:31  Zealot x3  
Tags
 
Add a new tag
Caveats
  • Supply blocks, unpowered buildings, or Contaminate may cause inaccurate times.
  • Supply counts are checked every 10 seconds.